 Dungeon Crawl Stone Soup version 0.28-a0-439-g4cf4cd4993 (webtiles) character file.

Game seed: 6269927523953385768

303 Morbidden the Firebug (level 5, -5/41 HPs)
             Began as a Demigod Fire Elementalist on Sept 11, 2021.
             Killed from afar by an orc wizard (6 damage)
             ... with a magic dart
             ... on level 3 of the Dungeon.
             The game lasted 00:06:25 (4524 turns).

Morbidden the Firebug (Demigod Fire Elementalist)   Turns: 4524, Time: 00:06:26

Health: -5/41      AC:  3    Str:  9    XL:     5   Next: 91%
Magic:  5/13       EV: 11    Int: 21    God:
Gold:   133        SH:  4    Dex: 14    Spells: 7/10 levels left

rFire   . . .      SeeInvis .   c - +0 dagger (pain)
rCold   . . .      Faith    .   f - +0 buckler
rNeg    . . .      Spirit   .   a - +0 robe
rPois   .          Reflect  .   (no helmet)
rElec   .          Harm     .   j - +0 cloak
rCorr   .          Rampage  .   (no gloves)
Will    .....                   (no boots)
Stlth   ++........              (no amulet)
HPRegen 0.13/turn               (no ring)
MPRegen 0.13/turn               (no ring)

@: no status effects
A: high mp 1, forlorn
a: no special abilities


You were on level 3 of the Dungeon.
You visited 1 branch of the dungeon, and saw 3 of its levels.

You collected 133 gold pieces.

Inventory:

Hand Weapons
 c - a +0 dagger of pain (weapon)
Armour
 a - a +0 robe (worn)
 f - a +0 buckler (worn)
 j - a +0 cloak (worn)
Jewellery
 g - an amulet of regeneration
Scrolls
 b - a scroll of silence {unknown}
 d - a scroll of amnesia {unknown}
 e - a scroll of acquirement {unknown}
 i - a scroll of fear {unknown}
Potions
 h - a potion of brilliance {unknown}


   Skills:
 * Level 1.8 Fighting
 + Level 1.9 Dodging
 + Level 1.8 Stealth
 * Level 1.2 Shields
 * Level 3.4 Spellcasting
 * Level 2.3 Conjurations
 * Level 3.8 Fire Magic


You had 7 spell levels left.
You knew the following spells:

 Your Spells              Type           Power      Damage    Failure   Level
a - Foxfire               Conj/Fire      64%        2x1d7     4%          1
b - Scorch                Fire           38%        2d6       5%          2

Your spell library contained the following spells:

 Spells                   Type           Power      Damage    Failure   Level
 Magic Dart               Conj           52%        1d5       7%          1
 Conjure Flame            Conj/Fire      16%        6-21      16%         3
 Inner Flame              Hex/Fire       11%        N/A       24%         3
 Call Imp                 Summ           3%         N/A       26%         2
 Mephitic Cloud           Conj/Pois/Air  6%         N/A       36%         3
 Flame Wave               Conj/Fire      16%        3d5       45%         4


Dungeon Overview and Level Annotations

Branches:
Dungeon (3/15)


Innate Abilities, Weirdness & Mutations

Your attributes grow dramatically as you level up.
You have an increased reservoir of magic. (+10% MP)
You shall have no god before yourself.


Message History

Unknown command.
Unknown command.
The orc wizard gestures at you while chanting.
You resist with some effort.
Okay, then.
Casting: Foxfire (safe; 4% risk of failure)
Confirm with . or Enter, or press ? or * to list all spells.
You conjure some foxfire!
The orc wizard mumbles some strange words.
The orc wizard flickers and vanishes!
Deactivating autopickup; reactivate with Ctrl-A.
The foxfire hits the orc.
The orc is lightly wounded.
The foxfire hits the orc but does no damage.
The orc is lightly wounded.
Unknown command.
Unknown command.
Unknown command.
Casting: Foxfire (safe; 4% risk of failure)
Confirm with . or Enter, or press ? or * to list all spells.
You conjure some foxfire!
Something hits you. The orc closely misses you.
The foxfire hits the orc.
The orc is severely wounded.
The foxfire hits the orc.
You kill the orc!
Something hits you.
Unknown command.
Unknown command.
Casting: Foxfire (safe; 4% risk of failure)
Confirm with . or Enter, or press ? or * to list all spells.
You conjure some foxfire!
The orc wizard gestures at you while chanting.
The magic dart hits you!
* * * LOW HITPOINT WARNING * * *
Something hits you.
* * * LOW HITPOINT WARNING * * *
The foxfire hits something. x2
The orc wizard casts a spell at you. The magic dart hits you.
You die...

#.##.## #.#.(.######....
#..............#
###...######...# #
####.#######...# ...
...............# ###..#
####^########..####....#
#.########...{.og.#
#............@#...#
##########...###....#
##.#.# ##### #........
#########


You could see an orc wizard and a hobgoblin.

Vanquished Creatures
  Crazy Yiuf (D:2)
  Natasha (thrice) (D:2)
  An orc wizard (D:3)
  A hound zombie (D:3)
  5 adders
  2 worms (D:2)
  4 dart slugs
  5 orcs (D:3)
  8 bats
  3 endoplasms
  3 giant cockroaches
  12 goblins
  15 hobgoblins
  3 jackals (D:1)
  5 quokkas
  5 ball pythons
  8 frilled lizards
  5 kobolds
  6 rats
95 creatures vanquished.

Vanquished Creatures (others)
  237 foxfires
237 creatures vanquished.

Grand Total: 332 creatures vanquished

Notes
Turn   | Place    | Note
-------+----------+-------------------------------------------
     0 | D:1      | Morbidden the Demigod Fire Elementalist began the quest for
                  | the Orb.
     0 | D:1      | Reached XP level 1. HP: 14/14 MP: 5/5
   170 | D:1      | Reached skill level 1 in Conjurations
   491 | D:1      | Reached XP level 2. HP: 15/20 MP: 4/7
  1296 | D:1      | Learned a level 2 spell: Scorch
  1391 | D:1      | Reached XP level 3. HP: 27/27 MP: 6/9
  2298 | D:2      | Found a runed translucent door.
  2299 | D:2      | Noticed Crazy Yiuf
  2587 | D:2      | Reached skill level 1 in Fighting
  2587 | D:2      | Reached XP level 4. HP: 35/35 MP: 5/10
  2711 | D:2      | Noticed Natasha
  2717 | D:2      | Killed Natasha
  2826 | D:2      | Noticed Natasha
  2834 | D:2      | Killed Natasha
  3067 | D:2      | Noticed Natasha
  3098 | D:2      | Killed Natasha
  3099 | D:2      | Reached XP level 5. HP: 12/40 MP: 1/12
  3512 | D:2      | Killed Crazy Yiuf
  4101 | D:3      | Reached skill level 1 in Shields
  4523 | D:3      | HP: 2/41 [orc wizard/magic dart (11)]
  4524 | D:3      | Killed from afar by an orc wizard

Illustrated notes

Levels and vault maps discovered:
D:1:      co_arrival_random_square_maze, layout_basic,
          chequers_ecumenical_altar_simple
D:2:      minmay_chambers_of_twos, layout_basic, minmay_tetromino_l2,
          uniq_natasha, uniq_crazy_yiuf_cottage
D:3:      cheibrodos_greedy_goblins, layout_loops_ring

Skill      XL: |  1  2  3  4  5 |
---------------+----------------+-----
Conjurations   | 1 2 |  2.3
Spellcasting   | 2 3 |  3.4
Fire Magic     | 3 |  3.8
Fighting       | 1 |  1.8
Shields        | 1 |  1.2
Dodging        | |  1.9
Stealth        | |  1.8

Action                   |  1- 3 |  4- 6 || total
-------------------------+-------+-------++-------
Melee: Dagger            |    30 |    16 ||    46
 Cast: Foxfire           |    92 |    48 ||   140
       Scorch            |    11 |    34 ||    45
Armor: Robe              |    18 |    16 ||    34
Dodge: Dodged            |    61 |    49 ||   110
Block: Buckler           |       |    10 ||    10

Table legend: (Time is in decaauts)
 A = Elapsed time spent in this place.
 B = Non-inter-level travel time spent in this place.
 C = Inter-level travel time spent in this place.
 D = Time resting spent in this place.
 E = Time spent auto-exploring this place.
 F = Levels seen in this place.
 G = Mean time per level.
                   A        B        C        D        E       F      G
               +--------+--------+--------+--------+--------+-----+--------+
         Total |   4524 |   4446 |     78 |    788 |   3003 |   3 | 1508.0 |
       Dungeon |   4524 |   4446 |     78 |    788 |   3003 |   3 | 1508.0 |
               +--------+--------+--------+--------+--------+-----+--------+

Top non-repeatable levels by time:
     D:2: 2119 daAuts
     D:1: 1640 daAuts
     D:3: 764 daAuts
